 Dungeon Crawl Stone Soup version 0.20-a0-548-g4f8a798 (console) character file.

3185 nht the Slicer (level 10, -1/60 HPs)
             Began as a Halfling Assassin on Feb 1, 2017.
             Slain by a two-headed ogre
             ... wielding a +0 giant club
              (26 damage)
             ... on level 8 of the Dungeon.
             The game lasted 00:15:57 (6112 turns).

nht the Slicer (Halfling Assassin)                  Turns: 6112, Time: 00:15:58

Health: -1/60      AC:  4    Str: 12    XL:     10   Next: 16%
Magic:  10/10      EV: 19    Int:  9    God:
Gold:   100        SH:  0    Dex: 25    Spells: 9/9 levels left

rFire    . . .     SeeInvis .   b - +1 blowgun
rCold    . . .     Gourm    .   c - +0 robe
rNeg     . . .     Faith    .   (shield restricted)
rPois    .         Spirit   .   (no helmet)
rElec    .         Reflect  .   r - +1 cloak
rCorr    .         Harm     .   (no gloves)
MR       .....                  (no boots)
Stlth    ++++++....             (no amulet)
Regen    0.2/turn               (no ring)
                                (no ring)

@: agile, lethally poisoned (-1 -> -5), about to teleport
A: mutation resistance 1
a: no special abilities


You were on level 8 of the Dungeon.
You were not hungry.

You visited 2 branches of the dungeon, and saw 9 of its levels.

You collected 302 gold pieces.
You spent 202 gold pieces at shops.

Inventory:

Hand Weapons
 a - a +2 dagger of draining
 b - a +1 blowgun (weapon)
 d - a +0 falchion
 C - a +1 scimitar of protection
Missiles
 e - 22 poisoned needles (quivered)
 z - a throwing net
Armour
 c - a +0 robe (worn)
 r - a +1 cloak (worn)
Jewellery
 s - an uncursed amulet of magic regeneration
Wands
 o - a wand of iceblast (0/15)
 x - a wand of lightning (0/15)
 F - a wand of flame (3/48)
Scrolls
 k - 5 scrolls of teleportation
 l - 2 scrolls of remove curse
 n - 2 scrolls of identify
 p - a scroll of amnesia
 y - a scroll of magic mapping
 B - 2 scrolls of fog
Potions
 i - a potion of agility
 j - a potion of resistance
 q - a potion of might
 v - a potion of cure mutation
 A - 3 potions of flight
Comestibles
 g - 3 bread rations
 m - 10 fruits
 t - 4 meat rations
 D - a royal jelly
 E - 6 chunks of flesh


   Skills:
 - Level 1.7 Fighting
 - Level 14.0 Short Blades
 + Level 5.4 Throwing
 - Level 1.1 Dodging
 - Level 10.4 Stealth


You had 9 spell levels left.
You didn't know any spells.

Dungeon Overview and Level Annotations

Branches:
Dungeon (8/15)             Temple (1/1) D:6
   Lair: D:8-11

Altars:
Ashenzari
Cheibriados
Dithmenos
Elyvilon
Fedhas
Gozag
Hepliaklqana
Kikubaaqudgha
Makhleb
Nemelex Xobeh
Okawaru
Qazlal
Ru
Sif Muna
Uskayaw
Vehumet
Xom
Yredelemnul
Zin
The Shining One

Shops:
D:5 ?   D:7 *

Annotations:
D:4 Pikel


Innate Abilities, Weirdness & Mutations

You are small and have problems with some larger weapons.
You are somewhat resistant to further mutation.


Message History

A scorpion comes into view.
You see here a halberd.
Okay, then.
Okay, then.
Your orc closely misses the two-headed ogre.
Evoke which item? (* to show all) (? for menu, Esc to quit)
Okay, then.
As you read the scroll of teleportation, it crumbles to dust.
You feel strangely unstable.
Your orc dissolves into shadows!
The two-headed ogre misses you.
The two-headed ogre hits you with a giant club!
* * * LOW HITPOINT WARNING * * *
The scorpion stings you but does no damage.
Your orc hits the two-headed ogre with a club.
You feel much better. The scorpion stings you.
You are poisoned.
The scorpion poisons you!
The two-headed ogre hits you with a giant club!!
You die...

██..(...███████.
.███.█.[.█.█
......█.██.██████
████...†.)........
████(██.███████
█o██.█ █)██.█
█O██..


█@████ █s█ ████.█████ █████ ██[.......█ █...██████...█.███.█ █(..........█...█
█...██████.█.....█ ██.██ ██.█...██ █.█ ███.██ You could see a two-headed ogre, a
scorpion and a friendly orc.

Vanquished Creatures
  The ghost of kroki the Changer, a novice DgTm (D:7)
  Joseph (D:8)
  Eustachio (D:6)
  3 orc warriors (D:7)
  A necrophage (D:5)
  A sky beast (D:8)
  3 ogres
  3 centaurs
  The ghost of DEFE the Pure, an amateur DEAK of Lugonu (D:3)
  Blork the orc (D:6)
  A bullfrog (D:7)
  A water moccasin skeleton (D:7)
  2 scorpions
  4 killer bees (D:8)
  A howler monkey (D:5)
  3 crimson imps
  An orc priest (D:7)
  3 orc wizards (D:7)
  3 worker ants
  A hound zombie (D:7)
  A howler monkey zombie (D:5)
  A howler monkey skeleton (D:6)
  A worker ant zombie (D:6)
  8 adders
  3 gnolls (D:8)
  2 oozes (D:4)
  2 worms
  A dart slug (D:2)
  4 leopard geckos
  16 orcs
  3 bats
  6 giant cockroaches
  5 goblins
  7 hobgoblins
  10 jackals
  10 kobolds
  A quokka (D:3)
  4 ball pythons
  7 frilled lizards
  2 jackal skeletons
  A leopard gecko skeleton (D:7)
  A quokka skeleton (D:5)
  12 rats
144 creatures vanquished.

Vanquished Creatures (collateral kills)
  A sky beast (D:8)
1 creature vanquished.

Grand Total: 145 creatures vanquished

Notes
Turn   | Place    | Note
-------+----------+-------------------------------------------
     0 | D:1      | nht the Halfling Assassin began the quest for the Orb.
     0 | D:1      | Reached XP level 1. HP: 14/14 MP: 1/1
    89 | D:1      | Reached skill level 3 in Short Blades
    90 | D:1      | Reached XP level 2. HP: 9/19 MP: 2/2
   356 | D:1      | Reached XP level 3. HP: 24/24 MP: 3/3
   378 | D:1      | Reached skill level 4 in Short Blades
   620 | D:2      | Found a sparkling altar of Nemelex Xobeh.
   942 | D:2      | Reached XP level 4. HP: 29/29 MP: 4/4
   971 | D:2      | Reached skill level 5 in Short Blades
  1130 | D:2      | Found a basalt altar of Yredelemnul.
  1130 | D:2      | Found a shimmering altar of Xom.
  1130 | D:2      | Found a white marble altar of Elyvilon.
  1163 | D:2      | Found a radiant altar of Vehumet.
  1166 | D:2      | Found a shattered altar of Ashenzari.
  1169 | D:2      | Found an iron altar of Okawaru.
  1172 | D:2      | Found a snail-covered altar of Cheibriados.
  1427 | D:3      | Noticed DEFE's ghost (amateur DEAK)
  1439 | D:3      | Reached skill level 13 in Short Blades
  1439 | D:3      | Reached XP level 5. HP: 30/34 MP: 5/5
  1452 | D:3      | Killed DEFE's ghost
  1452 | D:3      | Reached skill level 14 in Short Blades
  1452 | D:3      | Reached XP level 6. HP: 34/39 MP: 6/6
  1475 | D:3      | Found a basalt altar of Yredelemnul.
  1858 | D:3      | Found a hazy altar of Hepliaklqana.
  2363 | D:4      | Noticed a slave
  2364 | D:4      | Noticed Pikel
  2365 | D:4      | Noticed a slave
  2365 | D:4      | Noticed a slave
  2367 | D:4      | Noticed a slave
  2405 | D:5      | Entered Level 5 of the Dungeon
  2435 | D:5      | Reached skill level 5 in Stealth
  2435 | D:5      | Reached XP level 7. HP: 38/44 MP: 7/7
  2506 | D:5      | Found a glowing silver altar of Zin.
  2723 | D:5      | Found Gubisirgh's Magic Scroll Boutique.
  2739 | D:5      | Bought a scroll of summoning for 142 gold pieces
  2739 | D:5      | Bought a scroll of identify for 30 gold pieces
  2739 | D:5      | Bought a scroll of identify for 30 gold pieces
  3305 | D:6      | Found a staircase to the Ecumenical Temple.
  3308 | D:6      | Noticed Eustachio
  3432 | D:6      | Killed Eustachio
  3432 | D:6      | Reached XP level 8. HP: 40/48 MP: 8/8
  3449 | D:6      | Noticed Blork the orc
  3453 | Temple   | Entered the Ecumenical Temple
  3576 | D:6      | Killed Blork the orc
  4729 | D:7      | Noticed kroki's ghost (novice DgTm)
  4736 | D:7      | Found a glowing golden altar of the Shining One.
  4786 | D:7      | Found Leuce's Assorted Antiques.
  4914 | D:7      | Killed kroki's ghost
  4914 | D:7      | Reached skill level 10 in Stealth
  4914 | D:7      | Reached XP level 9. HP: 36/53 MP: 9/9
  6063 | D:8      | Noticed Joseph
  6084 | D:8      | Reached XP level 10. HP: 45/59 MP: 10/10
  6087 | D:8      | Killed Joseph
  6087 | D:8      | Reached skill level 5 in Throwing
  6091 | D:8      | Noticed a two-headed ogre
  6098 | D:8      | Identified a scroll of acquirement
  6110 | D:8      | HP: 2/59 [two-headed ogre/giant club (9)]
  6112 | D:8      | Slain by a two-headed ogre

Vault maps used:
D:1:      scummos_arrival_simple_crosswalls, hangedman_decor_push,
          chequers_big_river
D:2:      minmay_door_path, nemelex_xobeh_ov_fountains_minmay,
          gammafunk_temple_overflow_claw, grunt_temple_overflow_cloverleaf
D:3:      lemuel_doored_altar, first_bread, yredelemnul_altar_generic
D:4:      minmay_box_of_dots, uniq_pikel
D:5:      old_standard_altar, serial_shops, shop, minmay_misc_feat_iff,
          minmay_fountain_box
D:6:      minmay_temple_entry_glass, uniq_blork_the_orc, uniq_eustachio
D:7:      tso_metal_star, serial_shops, nicolae_shop_statue_plus
D:8:      trog_ov_bears_minmay, the_bakery,
          nicolae_dithmenos_through_a_glass_darkly, uniq_joseph
Temple:   nicolae_temple_figure_zero

Skill      XL: |  1  2  3  4  5  6  7  8  9 10 |
---------------+-------------------------------+-----
Short Blades   | 3 4 13 14 | 14.0
Stealth        | 5 7 10 | 10.4
Throwing       | 4 5 |  5.4
Fighting       | |  1.7
Dodging        | |  1.1

Action                   |  1- 3 |  4- 6 |  7- 9 | 10-12 || total
-------------------------+-------+-------+-------+-------++-------
Melee: Dagger            |   102 |    94 |   256 |       ||   452
 Fire: Blowgun           |     2 |       |    30 |     8 ||    40
Evoke: Wand              |       |       |    23 |     2 ||    25
  Use: Potion            |       |     4 |       |     2 ||     6
       Scroll            |       |    10 |    11 |     3 ||    24
 Stab: Sleeping          |    12 |     8 |    10 |       ||    30
       Distracted        |       |       |     1 |       ||     1
  Eat: Chunk             |       |     4 |    12 |       ||    16
Armor: Robe              |    25 |    11 |    28 |     1 ||    65
Dodge: Dodged            |    74 |    39 |   108 |     9 ||   230
